Map: Tropic Shores

Players

robyapoints - Winner!

  • Race: Protoss Protoss
  • League: Bronze
  • Spawn Location: 11:00

Infamous - Winner!

  • Race: Protoss Protoss
  • League: Bronze
  • Spawn Location: 12:00

Killa - Winner!

  • Race: Terran Terran
  • Spawn Location: 12:00

nights - Winner!

  • Race: Protoss Protoss
  • Spawn Location: 0:00

Asus

  • Race: Protoss Protoss
  • Spawn Location: 5:00

LAGRION

  • Race: Terran Terran
  • Spawn Location: 5:00

DawgDiesel

  • Race: Zerg Zerg
  • Spawn Location: 6:00

GaeL

  • Race: Terran Terran
  • Spawn Location: 6:00

VOD

Have the link to the VOD?

Description

Time

  • Played on: March 7, 2018, 1:46 p.m.
  • Length: 15:27
Show
View Real Time Build Order
Export as new Build Order

robyapoints Protoss - Winner!

Build Orders:  

Get SALT Encoding   

  12  2:04  Probe (Chrono Boost)  
  13  2:14  Probe (Chrono Boost), Pylon  
  14  2:17  Nexus  
  14  2:18  Pylon  
  14  2:19  Probe (Chrono Boost)  
  15  2:28  Pylon  
  15  2:34  Probe (Chrono Boost)  
  15  2:37  Pylon  
  16  2:38  Probe (Chrono Boost)  
  16  2:39  Assimilator  
  17  2:44  Assimilator  
  17  2:50  Probe  
  18  3:02  Probe  
  19  3:14  Probe  
  20  3:26  Probe (Chrono Boost)  
  21  3:38  Probe (Chrono Boost)  
  22  3:47  Probe (Chrono Boost)  
  23  3:50  Forge  
  23  3:51  Gateway  
  23  3:52  Probe (Chrono Boost)  
  23  3:54  Gateway  
  25  3:58  Probe (Chrono Boost)  
  25  4:02  Probe (Chrono Boost)  
  26  4:06  Probe (Chrono Boost)  
  26  4:07  Probe (Chrono Boost)  
  29  4:17  Probe  
  29  4:18  Probe  
  30  4:24  Photon Cannon  
  30  4:29  Probe  
  30  4:30  Probe, Photon Cannon  
  32  4:33  Photon Cannon  
  32  4:41  Probe  
  32  4:44  Photon Cannon  
  33  4:47  Photon Cannon  
  33  4:48  Photon Cannon  
  33  4:50  Pylon  
  33  4:52  Probe (Chrono Boost), Photon Cannon  
  34  4:54  Pylon  
  34  4:58  Probe (Chrono Boost)  
  35  5:02  Probe (Chrono Boost)  
  35  5:06  Probe (Chrono Boost)  
  37  5:09  Probe (Chrono Boost)  
  38  5:14  Assimilator  
  38  5:18  Probe, Assimilator  
  39  5:30  Probe  
  41  5:42  Probe  
  41  5:46  Zealot  
  41  5:47  Zealot  
  45  5:51  Cybernetics Core  
  45  5:55  Probe (Chrono Boost), Pylon x2  
  46  6:06  Probe (Chrono Boost)  
  46  6:11  Probe (Chrono Boost)  
  47  6:17  Photon Cannon  
  48  6:19  Photon Cannon  
  48  6:21  Probe  
  49  6:30  Stalker x2  
  53  6:33  Probe  
  54  6:40  Photon Cannon  
  54  6:45  Probe (Chrono Boost), Stargate  
  55  6:47  Stargate  
  55  6:49  Stargate  
  55  6:50  Pylon, Stargate  
  55  6:54  Probe (Chrono Boost)  
  56  6:57  Probe (Chrono Boost)  
  58  7:02  Probe (Chrono Boost)  
  58  7:03  Probe (Chrono Boost)  
  58  7:07  Probe (Chrono Boost)  
  59  7:11  Probe (Chrono Boost)  
  61  7:19  Probe (Chrono Boost)  
  63  7:22  Protoss Air Weapons Level 1  
  63  7:23  Probe (Chrono Boost)  
  63  7:25  Stalker x2  
  63  7:27  Probe (Chrono Boost)  
  63  7:28  Protoss Shields Level 1, Probe (Chrono Boost)  
  69  7:32  Void Ray  
  69  7:33  Probe (Chrono Boost)  
  74  7:41  Probe (Chrono Boost)  
  76  7:45  Probe (Chrono Boost)  
  77  7:51  Probe (Chrono Boost)  
  77  7:53  Pylon, Probe (Chrono Boost)  
  77  7:57  Probe (Chrono Boost)  
  79  7:58  Nexus  
  79  8:00  Probe (Chrono Boost)  
  79  8:04  Probe  
  81  8:11  Probe, Fleet Beacon  
  82  8:18  Probe (Chrono Boost)  
  83  8:23  Probe (Chrono Boost)  
  84  8:33  Probe (Chrono Boost)  
  84  8:34  Probe (Chrono Boost)  
  86  8:36  Cybernetics Core  
  86  8:38  Pylon x2  
  86  8:40  Probe (Chrono Boost)  
  88  8:41  Probe (Chrono Boost)  
  88  8:50  Probe (Chrono Boost)  
  88  8:51  Photon Cannon  
  88  8:52  Photon Cannon  
  88  8:53  Probe (Chrono Boost)  
  90  8:55  Probe (Chrono Boost)  
  90  9:01  Pylon  
  90  9:02  Probe  
  92  9:07  Probe  
  93  9:10  Carrier  
  93  9:14  Tempest  
  105  9:19  Probe  
  106  9:32  Photon Cannon, Void Ray  
  106  9:33  Photon Cannon  
  109  9:55  Void Ray  
  109  9:57  Void Ray  
  117  10:03  Pylon  
  117  10:06  Pylon  
  117  10:08  Pylon  
  113  10:16  Pylon  
  105  10:35  Phoenix  
  103  10:36  Phoenix, Protoss Air Armor Level 1 (Chrono Boost)  
  103  10:38  Phoenix  
  103  10:40  Phoenix  
  103  10:42  Stargate  
  103  10:43  Stargate  
  103  10:54  Protoss Air Weapons Level 2 (Chrono Boost)  
  103  11:00  Phoenix  
  103  11:03  Void Ray  
  109  11:07  Tempest  
  115  11:26  Carrier  
  115  11:28  Void Ray  
  113  12:34  Void Ray x4  
  113  12:36  Phoenix  
  131  12:47  Nexus  
  131  12:50  Pylon  
  117  13:24  Photon Cannon  
  117  13:26  Photon Cannon  
  117  13:28  Photon Cannon  
  117  13:30  Photon Cannon  
  117  13:33  Photon Cannon  
  117  13:34  Pylon, Photon Cannon  
  117  13:36  Tempest  
  123  13:59  Probe (Chrono Boost)  
  120  14:09  Probe (Chrono Boost)  
  121  14:14  Probe (Chrono Boost)  
  118  14:26  Probe  
  119  14:38  Probe  
  120  14:53  Probe  
  120  14:59  Phoenix  
  137  15:05  Probe  
Show
View Real Time Build Order
Export as new Build Order

Infamous Protoss - Winner!

Build Orders: Double Forge 

Get SALT Encoding   

  12  0:02  Probe (Chrono Boost)  
  13  0:15  Probe (Chrono Boost)  
  14  0:25  Pylon  
  14  0:28  Probe  
  15  0:43  Probe  
  15  0:49  Gateway  
  16  0:56  Probe  
  17  0:59  Assimilator  
  17  1:09  Probe (Chrono Boost)  
  19  1:19  Probe (Chrono Boost)  
  19  1:31  Probe  
  20  1:42  Assimilator  
  20  1:43  Probe  
  20  1:44  Zealot  
  23  1:51  Pylon  
  23  2:09  Probe (Chrono Boost)  
  23  2:11  Cybernetics Core  
  24  2:18  Pylon  
  24  2:21  Probe (Chrono Boost), Pylon  
  25  2:29  Probe (Chrono Boost)  
  26  2:47  Warp Gate (Chrono Boost)  
  26  2:49  Gateway  
  26  2:50  Gateway  
  26  2:54  Probe  
  26  2:58  Sentry  
  29  3:07  Probe  
  30  3:16  Shield Battery  
  30  3:31  Probe  
  31  3:40  Stalker  
  31  3:41  Stalker x2  
  37  3:59  Forge  
  37  4:01  Forge  
  37  4:05  Pylon  
  37  4:07  Pylon  
  37  4:20  Pylon  
  37  4:23  Stargate  
  37  4:36  Protoss Ground Armor Level 1 (Chrono Boost)  
  37  4:39  Robotics Facility  
  37  4:44  Sentry, Protoss Ground Weapons Level 1 (Chrono Boost)  
  39  4:46  Zealot x2  
  39  4:52  Probe  
  44  5:21  Nexus  
  44  5:26  Void Ray  
  44  5:27  Pylon  
  48  5:29  Pylon  
  48  5:30  Probe  
  49  5:37  Stalker  
  49  5:39  Zealot  
  53  6:02  Gateway  
  53  6:03  Gateway  
  53  6:06  Shield Battery  
  53  6:11  Probe, Shield Battery  
  53  6:17  Sentry x3  
  60  6:33  Probe (Chrono Boost)  
  61  6:43  Probe (Chrono Boost)  
  62  6:48  Probe (Chrono Boost)  
  63  6:55  Assimilator  
  63  6:58  Probe  
  63  6:59  Probe  
  63  7:00  Assimilator  
  65  7:11  Void Ray  
  69  7:20  Observer  
  70  7:24  Gateway  
  70  7:27  Gateway  
  70  7:33  Probe  
  71  7:40  Sentry  
  71  7:41  Sentry x2  
  71  7:42  Stalker  
  79  7:45  Probe  
  80  7:53  Immortal  
  84  8:04  Void Ray (Chrono Boost)  
  88  8:18  Probe (Chrono Boost)  
  90  8:27  Probe (Chrono Boost)  
  90  8:34  Twilight Council  
  90  8:36  Immortal (Chrono Boost)  
  93  8:42  Probe x2  
  93  8:46  Void Ray (Chrono Boost)  
  99  8:57  Zealot  
  101  9:04  Probe (Chrono Boost)  
  102  9:10  Protoss Ground Weapons Level 2  
  102  9:16  Charge  
  100  9:20  Probe  
  101  9:56  Pylon  
  101  9:59  Pylon  
  101  10:14  Probe  
  102  10:16  Void Ray  
  102  10:17  Robotics Bay  
  106  10:29  Pylon  
  106  10:31  Pylon  
  106  10:33  Pylon  
  106  10:58  Stalker x5  
  106  10:59  Stalker x2  
  106  11:03  Colossus (Chrono Boost)  
  126  11:12  Void Ray  
  130  11:23  Protoss Ground Armor Level 2 (Chrono Boost)  
  130  11:26  Probe x2  
  130  11:30  Zealot  
  132  11:48  Probe x2  
  134  12:09  Protoss Ground Weapons Level 3 (Chrono Boost)  
  134  12:13  Blink  
  134  12:21  Probe x2  
  132  12:26  Void Ray  
  134  12:34  Colossus  
  128  12:50  Stalker x2  
  128  12:51  Stalker  
  132  13:09  Probe (Chrono Boost)  
  134  13:14  Probe (Chrono Boost)  
  134  13:21  Pylon  
  134  13:23  Pylon  
  134  13:24  Pylon  
  134  13:25  Pylon  
  134  13:28  Pylon  
  134  13:48  Probe x2  
  136  14:02  Colossus  
  136  14:06  Void Ray  
  136  14:08  Nexus  
  146  14:10  Pylon  
  146  14:13  Pylon  
  138  14:44  Stalker x3  
  138  14:45  Stalker, Zealot  
  146  14:46  Zealot x2  
Show
View Real Time Build Order
Export as new Build Order

Killa Terran - Winner!

Build Orders:  

Get SALT Encoding   

  12  0:16  Supply Depot, SCV  
  13  0:27  Refinery  
  13  0:28  SCV  
  14  0:35  Refinery  
  14  0:51  Barracks  
  14  0:56  SCV  
  15  1:08  SCV  
  16  1:21  SCV  
  17  1:34  SCV  
  18  1:48  Factory, Barracks Reactor  
  18  1:52  Orbital Command  
  18  2:24  Command Center  
  18  2:28  Marine  
  19  2:35  Factory Tech Lab  
  19  2:43  SCV  
  20  2:56  SCV  
  21  3:02  Supply Depot  
  21  3:23  Siege Tank  
  24  3:30  Marine x2  
  26  3:47  Starport, Orbital Command  
  26  3:52  Refinery  
  26  3:56  Siege Tank  
  29  4:18  SCV  
  29  4:24  SCV  
  31  4:30  SCV  
  32  4:32  Starport Tech Lab  
  32  4:36  Starport, SCV  
  33  4:40  Engineering Bay  
  33  4:43  Armory  
  33  4:48  SCV  
  34  4:53  Refinery  
  34  4:56  Cloaking Field  
  34  5:00  SCV  
  35  5:12  SCV, Hi-Sec Auto Tracking  
  36  5:18  Starport  
  36  5:26  Starport  
  36  5:27  Starport Tech Lab  
  36  5:33  SCV  
  37  5:45  SCV  
  38  5:51  Terran Ship Weapons Level 1  
  38  5:57  Starport Tech Lab  
  38  6:02  Starport  
  38  6:03  Banshee  
  41  6:05  Starport Tech Lab  
  41  6:15  Starport, Hyperflight Rotors  
  41  6:22  Banshee  
  44  6:38  Supply Depot  
  44  6:43  Starport Reactor  
  44  6:58  Starport Reactor  
  44  6:59  Banshee  
  47  7:02  Supply Depot  
  47  7:05  SCV  
  48  7:14  Banshee  
  51  7:18  SCV  
  52  7:23  Banshee x2  
  52  7:28  Supply Depot  
  58  7:42  Banshee  
  61  7:46  Terran Ship Weapons Level 2  
  61  7:51  Supply Depot  
  61  7:57  Banshee  
  64  8:06  Banshee  
  64  8:09  Banshee  
  70  8:14  Supply Depot  
  70  8:25  Banshee  
  73  8:38  Supply Depot  
  73  8:43  Banshee  
  76  8:48  Banshee  
  76  8:52  Banshee  
  82  9:00  Supply Depot  
  82  9:08  Banshee  
  85  9:23  Supply Depot  
  85  9:26  Banshee  
  88  9:31  Banshee  
  88  9:35  Banshee  
  94  9:46  Supply Depot  
  94  9:51  Banshee  
  97  9:54  Viking  
  97  9:55  Viking x3  
  105  10:09  Supply Depot, Banshee  
  108  10:14  Banshee  
  111  10:33  Supply Depot  
  111  10:42  Viking x2  
  115  10:44  Viking x2  
  119  10:51  Viking  
  119  10:56  Supply Depot  
  121  11:12  Viking  
  121  11:13  Viking  
  121  11:14  Viking x2  
Show
View Real Time Build Order
Export as new Build Order

nights Protoss - Winner!

Build Orders:  

Get SALT Encoding   

  12  0:19  Probe (Chrono Boost)  
  14  0:29  Probe (Chrono Boost)  
  14  0:38  Pylon  
  14  0:40  Probe  
  15  0:56  Probe (Chrono Boost)  
  16  1:08  Probe (Chrono Boost)  
  17  1:13  Probe (Chrono Boost)  
  18  1:19  Forge  
  18  1:24  Pylon  
  18  1:30  Assimilator  
  18  1:45  Gateway  
  18  1:52  Probe  
  19  2:01  Photon Cannon  
  19  2:04  Probe  
  19  2:07  Photon Cannon  
  20  2:14  Photon Cannon  
  20  2:21  Pylon  
  20  2:24  Pylon  
  20  2:33  Probe (Chrono Boost)  
  21  2:41  Pylon  
  22  2:44  Probe (Chrono Boost)  
  22  2:49  Probe (Chrono Boost)  
  23  2:55  Assimilator  
  23  3:01  Nexus  
  23  3:11  Pylon  
  23  3:14  Pylon  
  23  3:24  Probe (Chrono Boost)  
  25  3:34  Probe (Chrono Boost), Photon Cannon  
  25  3:37  Photon Cannon  
  25  3:46  Probe  
  26  3:58  Photon Cannon  
  26  4:02  Photon Cannon  
  26  4:15  Probe (Chrono Boost)  
  28  4:25  Probe (Chrono Boost), Photon Cannon  
  28  4:30  Probe (Chrono Boost)  
  28  4:31  Photon Cannon  
  29  4:40  Photon Cannon  
  29  4:59  Photon Cannon  
  29  5:06  Photon Cannon  
  29  5:11  Photon Cannon  
  29  5:17  Cybernetics Core  
  29  5:23  Cybernetics Core  
  29  5:29  Protoss Shields Level 1  
  29  5:57  Probe (Chrono Boost)  
  30  6:07  Probe (Chrono Boost)  
  30  6:09  Pylon  
  31  6:12  Probe (Chrono Boost), Pylon  
  31  6:16  Pylon  
  32  6:45  Assimilator  
  32  6:47  Pylon  
  32  6:50  Assimilator  
  32  6:51  Pylon  
  32  6:57  Pylon  
  32  7:03  Pylon  
  32  7:15  Probe (Chrono Boost)  
  33  7:24  Protoss Air Weapons Level 1  
  33  7:26  Probe (Chrono Boost)  
  34  7:30  Protoss Air Armor Level 1  
  34  7:39  Stargate  
  34  7:41  Stargate  
  34  7:45  Stargate  
  34  7:48  Stargate  
  34  8:07  Twilight Council  
  34  8:40  Fleet Beacon  
  34  9:14  Protoss Shields Level 2  
  34  9:23  Protoss Air Weapons Level 2  
  34  9:25  Protoss Air Armor Level 2  
  34  9:28  Graviton Catapult  
  34  9:44  Carrier (Chrono Boost)  
  34  9:45  Carrier (Chrono Boost)  
  34  9:46  Carrier x2 (Chrono Boost)  
  58  10:05  Nexus  
  58  10:08  Pylon  
  58  10:11  Pylon  
  58  10:14  Pylon  
  58  10:44  Photon Cannon  
  58  10:46  Photon Cannon  
  58  10:50  Photon Cannon  
  58  10:52  Photon Cannon  
  58  10:55  Photon Cannon  
  58  11:01  Pylon  
  58  11:03  Photon Cannon  
  58  11:07  Photon Cannon  
  58  11:12  Photon Cannon  
  58  11:33  Pylon  
  58  11:37  Probe (Chrono Boost)  
  59  11:43  Photon Cannon  
  60  11:47  Probe (Chrono Boost), Photon Cannon  
  60  11:52  Probe (Chrono Boost)  
  61  12:06  Photon Cannon  
  61  12:09  Photon Cannon  
  61  12:12  Photon Cannon  
Show
View Real Time Build Order
Export as new Build Order

Asus Protoss 

Build Orders:  

Get SALT Encoding   

  12  0:08  Probe (Chrono Boost)  
  13  0:18  Probe (Chrono Boost)  
  14  0:36  Probe  
  14  0:37  Pylon  
  15  1:16  Gateway  
  15  1:25  Probe (Chrono Boost)  
  16  1:31  Nexus  
  16  1:35  Probe (Chrono Boost)  
  17  1:40  Probe (Chrono Boost)  
  17  1:43  Assimilator  
  18  1:48  Assimilator  
  18  1:51  Probe  
  19  2:03  Probe  
  20  2:16  Probe  
  20  2:17  Zealot  
  20  2:19  Cybernetics Core  
  23  2:35  Pylon  
  23  2:38  Pylon  
  23  2:44  Zealot  
  23  2:48  Gateway  
  25  2:52  Gateway  
  25  2:59  Warp Gate (Chrono Boost)  
  25  3:00  Probe (Chrono Boost)  
  26  3:09  Probe (Chrono Boost)  
  27  3:28  Probe (Chrono Boost)  
  28  3:39  Probe (Chrono Boost)  
  30  3:42  Probe (Chrono Boost)  
  30  3:43  Probe (Chrono Boost)  
  31  3:53  Probe  
  31  3:55  Probe, Stalker x2  
  33  3:56  Stalker  
  39  4:05  Probe (Chrono Boost)  
  39  4:07  Probe (Chrono Boost)  
  39  4:09  Stargate  
  41  4:14  Assimilator  
  41  4:15  Assimilator  
  42  4:19  Probe (Chrono Boost)  
  42  4:23  Probe (Chrono Boost)  
  43  4:26  Probe (Chrono Boost)  
  43  4:29  Probe (Chrono Boost)  
  45  4:33  Probe  
  46  4:42  Stargate  
  46  4:45  Probe  
  47  4:49  Probe  
  48  5:08  Probe (Chrono Boost)  
  49  5:18  Probe (Chrono Boost)  
  50  5:23  Probe (Chrono Boost)  
  50  5:27  Sentry  
  53  5:34  Probe  
  54  5:42  Pylon  
  54  5:44  Pylon  
  54  5:46  Pylon  
  54  5:49  Pylon  
  54  5:57  Void Ray (Chrono Boost)  
  54  5:59  Void Ray (Chrono Boost)  
  54  6:00  Probe  
  63  6:10  Stalker x2  
  67  6:11  Stalker  
  69  6:34  Void Ray x2 (Chrono Boost)  
  77  7:08  Zealot  
  77  7:09  Zealot x2  
  83  7:31  Pylon  
  83  7:32  Pylon  
  83  7:38  Pylon  
  83  7:39  Pylon  
  83  7:43  Pylon  
  83  7:49  Void Ray x2  
  91  8:20  Sentry  
  91  8:21  Sentry  
  95  8:31  Void Ray x2  
  103  9:11  Void Ray x2 (Chrono Boost)  
  111  9:47  Void Ray x2  
  117  10:30  Void Ray x2  
  121  10:40  Robotics Facility  
  121  11:13  Void Ray  
  125  11:38  Pylon  
  120  11:40  Pylon  
  120  11:42  Pylon  
  120  11:43  Pylon, Void Ray  
  120  11:44  Pylon  
  100  11:56  Void Ray  
  104  12:06  Observer (Chrono Boost)  
Show
View Real Time Build Order
Export as new Build Order

LAGRION Terran 

Build Orders: Command Center First (CC) 

Get SALT Encoding   

  12  0:20  SCV  
  13  0:33  SCV  
  14  0:45  SCV  
  15  0:53  Command Center  
  15  1:12  Supply Depot  
  15  1:16  Supply Depot  
  15  1:25  Supply Depot  
  15  1:35  Refinery  
  15  1:45  Engineering Bay  
  15  1:47  SCV  
  15  1:49  Refinery  
  16  2:08  SCV  
  17  2:20  SCV  
  18  2:32  SCV  
  19  2:42  Missile Turret  
  19  2:44  SCV  
  20  2:54  Barracks  
  20  2:56  SCV  
  21  3:00  Barracks  
  21  3:01  Engineering Bay  
  21  3:08  SCV  
  22  3:20  SCV  
  23  3:33  SCV  
  25  3:48  SCV  
  25  3:53  Terran Infantry Weapons Level 1, Terran Infantry Armor Level 1  
  25  4:00  SCV  
  25  4:01  SCV  
  27  4:06  Barracks Tech Lab  
  27  4:10  Barracks Tech Lab  
  27  4:12  SCV  
  27  4:13  SCV  
  29  4:22  Barracks  
  29  4:24  SCV  
  29  4:25  SCV  
  31  4:37  SCV  
  31  4:38  SCV  
  33  4:42  Refinery  
  33  4:45  Refinery  
  33  4:46  Supply Depot  
  33  4:49  SCV  
  33  4:50  SCV  
  35  4:58  Supply Depot  
  35  5:01  SCV  
  35  5:06  Stimpack  
  36  5:13  SCV  
  36  5:14  Barracks  
  37  5:18  SCV  
  37  5:20  Supply Depot  
  38  5:22  Supply Depot  
  38  5:25  SCV  
  39  5:30  SCV  
  40  5:37  SCV  
  40  5:42  SCV  
  42  5:46  Building Armor  
  42  5:49  SCV  
  43  5:54  SCV  
  43  5:55  Marine, Missile Turret  
  43  5:56  Marine x2  
  43  5:57  Missile Turret  
  47  6:01  SCV  
  47  6:02  Missile Turret  
  48  6:05  Missile Turret  
  48  6:06  SCV  
  48  6:07  Missile Turret  
  49  6:13  Marine x3  
  52  6:22  Supply Depot  
  52  6:27  Supply Depot  
  52  6:28  Orbital Command  
  52  6:31  Marine x3, Missile Turret  
  55  6:34  SCV  
  56  6:46  SCV  
  57  6:48  Marine  
  57  6:49  Marine, Supply Depot  
  57  6:50  Supply Depot  
  59  6:58  SCV  
  60  7:02  Supply Depot  
  60  7:10  SCV  
  60  7:12  Supply Depot  
  61  7:17  Supply Depot, Factory  
  61  7:21  Factory  
  61  7:24  Supply Depot  
  61  7:28  Factory  
  61  7:29  Marine x4  
  65  7:36  Hi-Sec Auto Tracking, Neosteel Frame  
  65  7:42  Orbital Command  
  65  7:46  Marine  
  65  7:47  Marine x3  
  69  8:02  Factory  
  69  8:04  Marine  
  70  8:14  Missile Turret  
  70  8:16  Missile Turret  
  70  8:17  Missile Turret  
  70  8:43  Missile Turret  
  70  8:48  Missile Turret  
  70  9:06  Missile Turret  
  50  10:31  Factory Tech Lab  
  50  10:53  Factory Tech Lab x2  
  50  11:01  Factory Tech Lab  
  50  11:03  Factory  
  50  11:13  Missile Turret  
  50  11:35  Missile Turret  
  49  11:43  Missile Turret  
  49  11:44  Missile Turret x2  
  49  11:49  Missile Turret x2  
  46  12:26  Missile Turret x2  
  46  12:27  Missile Turret x3  
  46  12:28  Missile Turret  
  46  12:33  Marine x4  
  50  12:50  Marine  
  50  12:51  Marine x3, Factory Tech Lab  
  51  12:53  Cyclone x4  
  62  13:08  Marine  
  60  13:25  Cyclone x2  
  29  13:57  Cyclone  
  29  13:58  Cyclone  
  11  14:29  Cyclone  
  11  14:30  Siege Tank  
Show
View Real Time Build Order
Export as new Build Order

DawgDiesel Zerg 

Build Orders: Pool First 

Get SALT Encoding   

  12  0:01  Drone  
  13  0:09  Drone  
  14  0:30  Spawning Pool  
  14  0:34  Drone  
  14  0:39  Overlord  
  14  1:02  Drone x2  
  16  1:05  Extractor  
  16  1:08  Drone  
  16  1:34  Hatchery  
  15  1:40  Queen  
  15  1:46  Zergling x2  
  15  1:47  Zergling x4  
  20  2:23  Extractor, Zergling x2  
  20  2:24  Zergling x4  
  22  2:33  Lair  
  22  2:59  Drone x2  
  22  3:00  Drone x3  
  22  3:04  Drone  
  28  3:05  Overlord  
  28  3:22  Metabolic Boost  
  28  3:24  Drone  
  28  3:25  Drone  
  30  3:28  Zergling x6  
  30  3:33  Drone  
  30  3:34  Drone  
  35  3:35  Drone  
  35  3:38  Overseer  
  36  4:14  Overlord  
  36  4:17  Overlord  
  36  4:31  Queen  
  36  4:34  Drone  
  36  4:35  Drone  
  40  4:39  Drone x7  
  40  4:40  Drone x2  
  49  4:45  Drone  
  49  4:47  Spine Crawler  
  49  4:49  Drone, Spine Crawler  
  49  5:05  Drone  
  50  5:08  Extractor  
  50  5:09  Extractor  
  48  5:15  Spire  
  48  5:16  Drone x5  
  52  5:21  Overlord  
  52  5:41  Drone  
  52  5:42  Drone x2  
  55  6:02  Zergling x10  
  60  6:06  Overlord x3  
  60  6:07  Overlord  
  60  6:17  Infestation Pit  
  59  6:20  Spire  
  59  6:23  Drone  
  59  6:24  Drone x3  
  62  6:31  Zerg Flyer Weapons Level 1  
  62  7:08  Hatchery  
  61  7:09  Queen  
  61  7:10  Hatchery  
  62  7:16  Drone  
  62  7:17  Drone x4  
  67  7:23  Evolution Chamber  
  67  7:26  Evolution Chamber, Overseer  
  67  7:27  Evolution Chamber, Overseer  
  67  7:29  Mutalisk x5  
  74  7:37  Zerg Flyer Armor Level 1  
  74  7:44  Queen  
  76  8:05  Zerg Melee Weapons Level 1  
  76  8:06  Zerg Missile Weapons Level 1  
  76  8:07  Zerg Ground Armor Level 1  
  76  8:16  Pneumatized Carapace  
  76  8:18  Mutalisk  
  76  8:19  Mutalisk x6  
  90  9:29  Hatchery  
  89  10:06  Mutalisk x7  
  87  10:56  Drone  
  88  10:57  Drone  
  88  10:58  Drone x5  
  94  11:09  Zerg Flyer Weapons Level 2  
  94  11:10  Zerg Flyer Armor Level 2  
  94  11:12  Hive  
  94  11:23  Drone  
  94  11:24  Drone x2  
  97  11:28  Extractor  
  97  11:29  Extractor, Mutalisk  
  97  11:30  Mutalisk x6  
  97  11:32  Overlord x2  
  109  11:33  Overlord x2  
  61  12:39  Mutalisk x7  
  61  12:40  Mutalisk  
  26  13:34  Mutalisk  
  26  13:35  Mutalisk x17  
  62  13:50  Overseer  
  62  13:51  Overseer x2  
  54  14:21  Mutalisk  
  54  14:22  Mutalisk x3  
Show
View Real Time Build Order
Export as new Build Order

GaeL Terran 

Build Orders:  

Get SALT Encoding   

  12  0:37  Supply Depot  
  12  1:07  Barracks  
  12  1:14  Barracks  
  12  1:37  Supply Depot  
  12  1:56  Marine  
  12  1:58  Engineering Bay  
  13  2:14  Marine  
  14  2:26  Bunker  
  14  2:32  Marine  
  15  2:45  Supply Depot  
  15  2:49  Marine  
  16  2:59  Refinery  
  16  3:07  Marine  
  16  3:09  Refinery  
  17  3:14  Supply Depot  
  17  3:21  Supply Depot  
  17  3:30  Marine  
  18  3:47  Marine  
  19  4:05  Marine  
  20  4:23  Marine  
  21  4:29  Factory  
  21  4:50  Barracks Reactor  
  21  5:11  Missile Turret  
  23  5:28  Widow Mine  
  23  5:36  Marine x2  
  27  5:50  Widow Mine  
  27  5:54  Marine x2  
  27  5:55  Missile Turret  
  31  6:11  Widow Mine  
  31  6:12  Marine x2  
  33  6:29  Marine, Missile Turret  
  36  6:32  Widow Mine  
  36  7:02  Missile Turret  
  36  7:48  Starport  
  36  7:51  SCV  
  37  8:12  Cyclone  
  40  8:52  Viking  
  42  9:22  Viking  
  44  9:52  Viking  
  46  10:41  Supply Depot  
  46  10:45  Supply Depot  
  46  11:02  Viking  
  48  11:24  Widow Mine  
  50  11:45  Widow Mine  
  45  12:07  Widow Mine  
  18  12:28  Widow Mine  
  20  12:40  Medivac  
  22  12:49  Widow Mine  
  24  13:10  Medivac  
  26  13:40  Medivac  
Tags
 
Add a new tag
Caveats
  • Supply blocks, unpowered buildings, or Contaminate may cause inaccurate times.
  • Supply counts are checked every 10 seconds.